 Dungeon Crawl Stone Soup version 0.29-a0-1027-gcd8c55af63 (webtiles) character file.

Game seed: 12926611136718160816

566 GreenGift the Sneak (level 7, -1/43 HPs)
             Began as a Kobold Brigand on Aug 13, 2022.
             Slain by a gnoll sergeant
             ... wielding a +2 vorpal spear
              (8 damage)
             ... on level 5 of the Dungeon.
             The game lasted 00:30:14 (6330 turns).

GreenGift the Sneak (Kobold Brigand)                Turns: 6330, Time: 00:30:15

Health: -1/43      AC:  9    Str:  8    XL:     7   Next: 59%
Magic:  7/7        EV: 16    Int: 12    God:
Gold:   156        SH:  0    Dex: 19    Spells: 6/6 levels left

rFire   . . .      SeeInvis +   a - +2 dagger (drain)
rCold   . . .      Faith    .   (no shield)
rNeg    . . .      Spirit   .   m - +3 leather armour
rPois   .          Reflect  .   g - +1 helmet {SInv}
rElec   .          Harm     .   c - +0 cloak
rCorr   .          Rampage  .   (no gloves)
Will    .....                   (no boots)
Stlth   +++++.....              (no amulet)
HPRegen 0.14/turn               n - ring of wizardry
MPRegen 0.10/turn               (no ring)

@: no status effects
A: small, no large weapons, nightstalker 3
a: no special abilities


You were on level 5 of the Dungeon.
You visited 1 branch of the dungeon, and saw 5 of its levels.

You collected 176 gold pieces.
You spent 20 gold pieces at shops.

Inventory:

Hand Weapons
 a - a +2 dagger of draining (weapon)
 k - a +4 quarterstaff of chaos
Missiles
 d - 16 poisoned darts (quivered)
 e - 3 curare-tipped darts
 i - a throwing net
Armour
 c - a +0 cloak (worn)
 g - a +1 helmet of see invisible (worn)
 m - a +3 leather armour (worn)
Magical Staves
 s - a staff of conjuration
Jewellery
 n - a ring of wizardry (left hand)
Scrolls
 b - a scroll of brand weapon
 t - a scroll of fear
Potions
 f - 2 potions of resistance {unknown}
 h - 3 potions of flight
 j - a potion of brilliance {unknown}
 l - a potion of cancellation {unknown}
 o - 2 potions of berserk rage {unknown}
 p - 4 potions of curing {unknown}
 r - a potion of heal wounds {unknown}
 u - a potion of attraction {unknown}


   Skills:
 + Level 4.2 Fighting
 + Level 5.2 Short Blades
 + Level 4.2 Throwing
 + Level 4.1 Dodging
 + Level 7.1 Stealth


You had 6 spell levels left.
You didn't know any spells.
Your spell library contained the following spells:

 Spells                   Type           Power      Damage    Failure   Level
 Frozen Ramparts          Ice            0%         1d1       47%         3
 Ice Form                 Ice/Tmut       0%         N/A       86%         4
 Summon Ice Beast         Ice/Summ       0%         N/A       86%         4


Dungeon Overview and Level Annotations

Branches:
Dungeon (5/15)
 Temple: D:4-7

Altars:
Fedhas

Shops:
D:1 [   D:3 *


Innate Abilities, Weirdness & Mutations

You are small and have problems with some larger weapons.
You are completely attuned to the shadows.


Message History

Things that are here:
a +0 halberd; a +0 robe; the orc corpse of Blork the orc A gnoll comes into view.
It is wielding a +0 flail.
You see here a +0 spear.
Things that are here:
a +0 halberd; a +0 robe; the orc corpse of Blork the orc The gnoll sergeant shouts!
You hit the gnoll sergeant but do no damage.
You hear a shout! x4
The gnoll sergeant hits you with a +2 vorpal spear!
You hit the gnoll sergeant.
The gnoll sergeant is lightly wounded.
A wolf comes into view.
The gnoll sergeant hits you with a +2 vorpal spear!
You hit the gnoll sergeant.
The gnoll sergeant is moderately wounded.
You hit the gnoll sergeant but do no damage.
The gnoll sergeant is moderately wounded.
The gnoll sergeant hits you with a +2 vorpal spear.
A gnoll comes into view. It is wielding a +0 whip.
The wolf bites you.
You closely miss the gnoll sergeant.
The gnoll sergeant is moderately wounded.
The wolf closely misses you.
The gnoll sergeant hits you with a +2 vorpal spear.
* * * LOW HITPOINT WARNING * * *
x2 The gnoll sergeant attacks as you move away!
The gnoll sergeant hits you but does no damage.
The wolf attacks as you move away! The wolf closely misses you.
The wolf bites you but does no damage.
The gnoll sergeant hits you but does no damage.
The wolf barely misses you. The wolf closely misses you. The wolf bites you.
* * * LOW HITPOINT WARNING * * *
The wolf closely misses you.
There is a stone staircase leading up, spattered with blood here.
The wolf completely misses you.
The gnoll sergeant hits you from afar with a +2 vorpal spear!
You die...

..# ##....g.##
#. ...##..g.
...##..
.......#
...... #.....#
#.....
####..##
##.....
#...####....#.
#....##..).#..
##..)gg)......
######h@.....
#.......
#........
#.....##
.....#.


You could see a gnoll sergeant, a wolf and a gnoll.

Vanquished Creatures
  An ogre (D:4)
  Blork the orc (D:5)
  A necrophage (D:4)
  Crazy Yiuf (D:2)
  An orc priest (D:3)
  A gnoll bouda (D:4)
  2 iguanas (D:4)
  3 adders
  9 gnolls
  A white imp (D:4)
  A worm (D:4)
  2 dart slugs
  9 orcs
  8 endoplasms
  5 giant cockroaches
  5 hobgoblins
  5 jackals
  2 quokkas
  9 ball pythons
  6 bats
  4 frilled lizards
  6 goblins
  6 kobolds
  2 rats
91 creatures vanquished.

Vanquished Creatures (others)
  19 plants (D:3)
19 creatures vanquished.

Grand Total: 110 creatures vanquished

Notes
Turn   | Place    | Note
-------+----------+-------------------------------------------
     0 | D:1      | GreenGift the Kobold Brigand began the quest for the Orb.
     0 | D:1      | Reached XP level 1. HP: 12/12 MP: 1/1
   395 | D:1      | Found Ubeir's Antique Armour Emporium.
   402 | D:1      | Reached XP level 2. HP: 16/18 MP: 2/2
  1590 | D:2      | Found a blossoming altar of Fedhas.
  1665 | D:2      | Reached XP level 3. HP: 22/22 MP: 3/3
  2022 | D:2      | Found a runed translucent door.
  2025 | D:2      | Noticed Crazy Yiuf
  2040 | D:2      | Killed Crazy Yiuf
  2041 | D:2      | Reached XP level 4. HP: 27/27 MP: 4/4
  2997 | D:3      | Reached XP level 5. HP: 18/32 MP: 5/5
  3168 | D:3      | Found a faded altar of an unknown god.
  3173 | D:3      | Reached skill level 6 in Stealth
  3659 | D:3      | Found Sixoh's Assorted Antiques.
  3664 | D:3      | Bought a scroll labelled ETOTSO JEYSUHO for 20 gold pieces
  4543 | D:4      | Reached XP level 6. HP: 37/37 MP: 6/6
  5142 | D:4      | Reached XP level 7. HP: 42/42 MP: 7/7
  5393 | D:4      | Reached skill level 5 in Short Blades
  5863 | D:5      | Entered Level 5 of the Dungeon
  5864 | D:5      | Noticed Blork the orc
  5871 | D:5      | Reached skill level 7 in Stealth
  6153 | D:5      | Killed Blork the orc
  6330 | D:5      | Slain by a gnoll sergeant

Illustrated notes

Levels and vault maps discovered:
D:1:      nagdon_arrival_double_spiral, layout_basic, serial_shops,
          nicolae_shop_advertising_works [nicolae_subvault_shop_adworks]
D:2:      layout_loops_cross, basic_altar, uniq_crazy_yiuf_cottage
D:3:      layout_loops_ring, serial_bayou, serial_bayou_pond_d,
          serial_bayou_pond_d, serial_bayou_pond_b, serial_bayou_shore_a,
          shapermc_ecumenical_altar_mp_vishouse, serial_shops, shop
D:4:      layout_basic, kennysheep_generic_room_15
D:5:      layout_cave_pools, nicolae_wu_jian_glorious_leap,
          grunt_temple_overflow_cloverleaf, cheibrodos_sewer_entry_sluice,
          serial_gnoll_camp, gnoll_camp_huts_basic, grums_kennel,
          gnoll_camp_mini_shop, gnoll_camp_mini_hut, uniq_blork_the_orc

Skill      XL: |  1  2  3  4  5  6  7 |
---------------+----------------------+-----
Short Blades   | 3 4 5 |  5.2
Dodging        | 2 3 4 |  4.1
Fighting       | 3 4 |  4.2
Throwing       | 3 4 |  4.2
Stealth        | 6 7 |  7.1

Action                   |  1- 3 |  4- 6 |  7- 9 || total
-------------------------+-------+-------+-------++-------
Melee: Dagger            |    51 |   204 |    54 ||   309
       Punch             |     1 |     3 |       ||     4
Throw: Dart              |     4 |     3 |       ||     7
  Use: Scroll            |     3 |     6 |       ||     9
       Potion            |     1 |     1 |       ||     2
 Stab: Sleeping          |    13 |    21 |     5 ||    39
       Distracted        |       |     1 |       ||     1
       Invisible         |       |     3 |       ||     3
Armor: Robe              |     2 |     8 |       ||    10
       Leather armour    |       |    13 |    23 ||    36
Dodge: Dodged            |    24 |   101 |    64 ||   189

Table legend: (Time is in decaauts)
 A = Elapsed time spent in this place.
 B = Non-inter-level travel time spent in this place.
 C = Inter-level travel time spent in this place.
 D = Time resting spent in this place.
 E = Time spent auto-exploring this place.
 F = Levels seen in this place.
 G = Mean time per level.
                   A        B        C        D        E       F      G
               +--------+--------+--------+--------+--------+-----+--------+
         Total |   6305 |   6305 |      0 |   2282 |    310 |   5 | 1261.0 |
       Dungeon |   6305 |   6305 |      0 |   2282 |    310 |   5 | 1261.0 |
               +--------+--------+--------+--------+--------+-----+--------+

Top non-repeatable levels by time:
     D:4: 1878 daAuts
     D:3: 1646 daAuts
     D:1: 1579 daAuts
     D:2: 1001 daAuts
     D:5: 199 daAuts
